 Dungeon Crawl Stone Soup version 0.18.1-6-gd335043 (webtiles) character file.

111 Jerry the Twirler (level 4, -6/38 HPs)
             Began as a Demigod Gladiator on May 17, 2016.
             Killed by nerve-wracking pain
             ... invoked by Enish's ghost
              (14 damage)
             ... on level 3 of the Dungeon.
             The game lasted 00:06:06 (2117 turns).

Jerry the Twirler (Demigod Gladiator)               Turns: 2117, Time: 00:06:07

Health: -6/38      AC:  5    Str: 20    XL:     4   Next: 36%
Magic:  6/6        EV: 13    Int: 12    God:
Gold:   181        SH:  0    Dex: 16    Spells: 0 memorised, 3 levels left

rFire  . . .     SeeInvis .     a - +0 quarterstaff
rCold  . . .     Gourm    .     b - +0 leather armour
rNeg   . . .     Faith    .     (shield currently unavailable)
rPois  .         Spirit   .     c - +0 helmet
rElec  .         Dismiss  .     (no cloak)
rCorr  .         Reflect  .     (no gloves)
SustAt +         Harm     .     q - +0 pair of boots
MR     .....                    (no amulet)
Stlth  +.........               (no ring)
                                (no ring)

@: not resistant to hostile enchantments, very unstealthy
A: high mp 1, sustain attributes
a: no special abilities


You were on level 3 of the Dungeon.
You were not hungry.

You visited 1 branch of the dungeon, and saw 3 of its levels.

You collected 181 gold pieces.

Inventory:

Hand Weapons
 a - a +0 quarterstaff (weapon)
Armour
 b - a +0 leather armour (worn)
 c - a +0 helmet (worn)
 q - a +0 pair of boots (worn)
Scrolls
 g - a scroll of amnesia {unknown}
 i - 2 scrolls of recharging {unknown}
 k - 3 scrolls of identify {unknown}
 m - a scroll of magic mapping {unknown}
 o - 2 scrolls of teleportation {unknown}
 p - a scroll of enchant weapon {unknown}
 r - a scroll of remove curse {unknown}
Potions
 e - 3 potions of curing
Comestibles
 f - 3 bread rations
 h - a royal jelly
 j - 3 fruits
 l - a beef jerky
 n - a meat ration
 s - 2 chunks of flesh


   Skills:
 + Level 3.1 Fighting
 + Level 3.4 Staves
 - Level 1.7 Throwing
 + Level 2.0 Armour
 - Level 2.6 Dodging


You had 3 spell levels left.
You didn't know any spells.

Dungeon Overview and Level Annotations

Branches:
Dungeon (3/15)

Annotations:
D:2 1 runed door
D:3 Enish's ghost, amateur HaNe


Innate Abilities, Weirdness & Mutations

You have an increased reservoir of magic (+10% MP).
Your attributes are resistant to harm.


Message History

Aim: Enish's ghost (immune to nets)
You throw a throwing net.
The throwing net barely misses Enish's ghost.
Throwing (i - inventory):
d - 2 throwing nets (quivered)
Press: ? - help, Shift-Dir - straight line, f/p - Enish's ghost
Aim: Enish's ghost (immune to nets)
You throw a throwing net.
The throwing net closely misses Enish's ghost.
Enish's ghost gestures at you while chanting.
Pain shoots through your body!
* * * LOW HITPOINT WARNING * * *
Throwing (i - inventory):
d - a throwing net (quivered)
Press: ? - help, Shift-Dir - straight line, f/p - Enish's ghost
Aim: Enish's ghost (immune to nets)
You throw a throwing net.
The throwing net closely misses Enish's ghost.
Enish's ghost closely misses you.
Enish's ghost points at you and mumbles some strange words.
Pain shoots through your body!
You die...

#. #.#.#..... #.
.##.#.#.###. #b
##.##.#....... #.
...##.###.###. #.
#).##......... .
#.#####..######...#. ...
#!.......# ##..#_#
.....####...##.######....#.
(....')†W.@..(÷..........).
....!####...##.####...#...#
... ##.###.# ##.....## .
### #.# ##.#### #.# #.# ..#
#.# ### #.# #.# #.#


You could see Enish's ghost.

Vanquished Creatures
  4 gnolls
  An adder (D:2)
  A worm (D:2)
  3 dart slugs (D:1)
  2 giant geckos
  3 orcs (D:3)
  A giant cockroach (D:2)
  3 hobgoblins
  3 jackals (D:2)
  6 kobolds
  A quokka (D:2)
  A ball python (D:3)
  8 bats
  3 giant newts
  5 goblins
  2 goblin zombies (D:2)
  A kobold skeleton (D:2)
  8 rats
56 creatures vanquished.

Notes
Turn   | Place    | Note
--------------------------------------------------------------
     0 | D:1      | Jerry the Demigod Gladiator began the quest for the Orb.
     0 | D:1      | Reached XP level 1. HP: 17/17 MP: 3/3
   216 | D:1      | Reached XP level 2. HP: 23/24 MP: 4/4
   238 | D:1      | Reached skill level 1 in Armour
   827 | D:2      | Found a runed door.
   827 | D:2      | Noticed a human
   834 | D:2      | Found a basalt altar of Yredelemnul.
   846 | D:2      | Reached XP level 3. HP: 30/30 MP: 5/5
  1183 | D:2      | Reached XP level 4. HP: 28/37 MP: 6/6
  2040 | D:3      | Found a faded altar to an unknown god.
  2099 | D:3      | Noticed Enish's ghost (amateur HaNe)
  2117 | D:3      | Killed from afar by Enish's ghost

Skill      XL: |  1  2  3  4 |
---------------+-------------+-----
Fighting       | 2 3 |  3.1
Armour         | 1 2 |  2.0
Staves         | 3 |  3.4
Throwing       | |  1.7
Dodging        | |  2.6

Action                   |  1- 3 |  4- 6 || total
-------------------------+-------+-------++-------
Melee: Quarterstaff      |    88 |    52 ||   140
Throw: Throwing net      |       |     3 ||     3
  Use: Potion            |       |     1 ||     1
 Stab: Sleeping          |     2 |     1 ||     3
  Eat: Chunk             |     1 |     3 ||     4
Armor: Leather armour    |    28 |    12 ||    40
Dodge: Dodged            |    61 |    32 ||    93
